 Dungeon Crawl Stone Soup version 0.28-a0-973-ga7f8b01127 (webtiles) character file.

Game seed: 2559668962799902792

12 Zonian the Ducker (level 2, 22/22 HPs)
             Began as a Demonspawn Gladiator on Dec 2, 2021.
             Was an Initiate of Ru.
             Quit the game on level 1 of the Dungeon.
             The game lasted 00:00:36 (382 turns).

Zonian the Ducker (Demonspawn Gladiator)             Turns: 382, Time: 00:00:36

Health: 22/22      AC:  4    Str: 14    XL:     2   Next: 20%
Magic:  2/2        EV: 12    Int:  9    God:    Ru [......]
Gold:   18         SH:  0    Dex: 14    Spells: 1/1 levels left

rFire   . . .      SeeInvis .   a - +0 trident
rCold   . . .      Faith    .   (no shield)
rNeg    . . .      Spirit   .   b - +0 leather armour
rPois   .          Reflect  .   c - +0 helmet
rElec   .          Harm     .   (no cloak)
rCorr   .          Rampage  .   (no gloves)
Will    .....                   (no boots)
Stlth   +.........              (no amulet)
HPRegen 0.07/turn               (no ring)
MPRegen 0.08/turn               (no ring)

@: no status effects
A: demonic touch 1
a: Renounce Religion


You were on level 1 of the Dungeon.
You worshipped Ru.
Ru was noncommittal.
You visited 1 branch of the dungeon, and saw 1 of its levels.

You collected 18 gold pieces.

Inventory:

Hand Weapons
 a - a +0 trident (weapon)
Missiles
 d - 3 throwing nets (quivered)
Armour
 b - a +0 leather armour (worn)
 c - a +0 helmet (worn)
Scrolls
 e - a scroll of enchant armour {unknown}


   Skills:
 + Level 2.1 Fighting
 + Level 2.9 Polearms
 + Level 1.7 Throwing
 + Level 3.1 Dodging


You had one spell level left.
You didn't know any spells.
Your spell library contained the following spells:

 Spells                   Type           Power      Damage    Failure   Level
 Dazzling Flash           Conj/Hex       0%         N/A       83%         3
 Agony                    Necr           0%         N/A       100%        5
 Silence                  Hex/Air        0%         N/A       100%        5


Dungeon Overview and Level Annotations

Branches:
Dungeon (1/15)

Altars:
Ru


Innate Abilities, Weirdness & Mutations

Your touch may inflict minor irresistible damage on your foes.


Message History

Unknown command.
The bat hits you but does no damage. The bat closely misses you.
You hit the bat.
The bat is severely wounded.
The bat misses you.
You reach to attack!
You hit the bat.
You kill the bat!
No target in view!
No target in view!
Found 28 stones.
A kobold comes into view. It is wielding a +0 dagger.
Unknown command.
A rat comes into view.
The kobold shouts!
You see here 28 stones.
You reach to attack!
You puncture the kobold!
You kill the kobold!
Found a scroll labelled OWUDAN OSUAS.
You barely miss the rat. The rat bites you but does no damage.
You barely miss the rat. The rat closely misses you.
You hit the rat.
You kill the rat!
No target in view!
Things that are here:
a +0 dagger; a rat corpse
e - a scroll labelled OWUDAN OSUAS
There is a fountain of sparkling water here.
Found a faded altar of an unknown god.
Unknown command.
You hit the plant.
The plant begins to die.
You touch the plant.
The plant is lightly damaged.
You enter the shallow water.
Moving in this stuff is going to be slow.
A nearby plant withers and dies.
There is a faded altar of an unknown god here.
You cannot tell which god this altar belongs to.
Convert to them anyway?
Ru accepts your prayer! Ru welcomes you!
Are you sure you want to abandon this character and quit the game? (Confirm with "yes".)

............#####.###.#
#.#.P#..PP...PP#..# #.# #.
#.PP...P.P...# #.# .#. ##.
#..#PP.PP...#### #.# ......
#..#P≈⌠⌠⌠...# #.# #....#
#.P#P...⌠≈.P# ##.##
#..#.###..#.≈.P....# #...#
#..#.##....#.#..#..# ###.##
#....##....#@#..#..####.#.#
.####...##....######...##....#
............P.P#.............#
.####.†.###.(..#......###....##
#...# ###.).....### #.....#
##.## ##.....## #.###.# #.#
##...## #.# #.# #.# ##+##
#.###.# #.## #.# #.....#


There were no monsters in sight!

Vanquished Creatures
  A ball python (D:1)
  An endoplasm (D:1)
  2 goblins (D:1)
  2 hobgoblins (D:1)
  A kobold (D:1)
  2 bats (D:1)
  2 rats (D:1)
11 creatures vanquished.

Vanquished Creatures (others)
  A plant (D:1)
1 creature vanquished.

Grand Total: 12 creatures vanquished

Notes
Turn   | Place    | Note
-------+----------+-------------------------------------------
     0 | D:1      | Zonian the Demonspawn Gladiator began the quest for the
                  | Orb.
     0 | D:1      | Reached XP level 1. HP: 16/16 MP: 1/1
   180 | D:1      | Reached skill level 3 in Dodging
   214 | D:1      | Gained mutation: Your touch may inflict minor irresistible
                  | damage on your foes. [demonic ancestry]
   214 | D:1      | Reached XP level 2. HP: 21/22 MP: 2/2
   375 | D:1      | Found a faded altar of an unknown god.
   381 | D:1      | Prayed at the altar of an unknown god.
   381 | D:1      | Became a worshipper of Ru the Awakened
   382 | D:1      | Quit the game

Illustrated notes

Levels and vault maps discovered:
D:1:      scummos_arrival_hexagon, layout_loops_corners,
          shapermc_ecumenical_altar_mp_ritualfount, minivault_14,
          minmay_misc_feat_hallway

Skill      XL: |  1 |
---------------+----+-----
Dodging        | 3 |  3.1
Fighting       | |  2.1
Polearms       | |  2.9
Throwing       | |  1.7

Action                   || total
-------------------------++-------
Melee: Trident           ||    26
       Touch             ||     1
Armor: Leather armour    ||     6
Dodge: Dodged            ||    12

Table legend: (Time is in decaauts)
 A = Elapsed time spent in this place.
 B = Non-inter-level travel time spent in this place.
 C = Inter-level travel time spent in this place.
 D = Time resting spent in this place.
 E = Time spent auto-exploring this place.
 F = Levels seen in this place.
 G = Mean time per level.
                   A        B        C        D        E       F      G
               +--------+--------+--------+--------+--------+-----+--------+
         Total |    386 |    386 |      0 |      0 |    311 |   1 |  386.0 |
       Dungeon |    386 |    386 |      0 |      0 |    311 |   1 |  386.0 |
               +--------+--------+--------+--------+--------+-----+--------+

Top non-repeatable levels by time:
     D:1: 386 daAuts
